[ AOE2 MATCH · #478092932 ]
Team RMHuns vs Japanese
[ REPLAY ANALYSIS · EXTRACTED FROM THE RECORDED GAME ]
Feudal
—
Castle
—
Imperial
—
| APM avg | 41.7 |
| APM peak | 61 |
| eAPM avg | 11.5 |
| Villagers / military | 6 / 0 |
Focus
⚔️ 0.0% · 🌾 100.0%
Feudal
—
Castle
—
Imperial
—
| APM avg | 3.6 |
| APM peak | 6 |
| eAPM avg | 3.6 |
| Villagers / military | 0 / 0 |
Feudal
—
Castle
—
Imperial
—
| APM avg | 44.8 |
| APM peak | 50 |
| eAPM avg | 15.7 |
| Villagers / military | 5 / 0 |
Focus
⚔️ 23.8% · 🌾 76.2%
Feudal
—
Castle
—
Imperial
—
| APM avg | 8.5 |
| APM peak | 14 |
| eAPM avg | 4.2 |
| Villagers / military | 0 / 0 |
Feudal
—
Castle
—
Imperial
—
| APM avg | 24.8 |
| APM peak | 25 |
| eAPM avg | 12.1 |
| Villagers / military | 7 / 0 |
Focus
⚔️ 6.2% · 🌾 93.8%
Feudal
—
Castle
—
Imperial
—
| APM avg | 38.7 |
| APM peak | 62 |
| eAPM avg | 12.1 |
| Villagers / military | 5 / 0 |
Focus
⚔️ 0.0% · 🌾 100.0%
Feudal
—
Castle
—
Imperial
—
| APM avg | 82.3 |
| APM peak | 84 |
| eAPM avg | 12.7 |
| Villagers / military | 5 / 0 |
Focus
⚔️ 12.5% · 🌾 87.5%
Feudal
—
Castle
—
Imperial
—
| APM avg | 53.8 |
| APM peak | 63 |
| eAPM avg | 6.7 |
| Villagers / military | 5 / 0 |
Focus
⚔️ 14.3% · 🌾 85.7%
Match map
Initial resources + every placement click. Lines = walls · curves = elevation contours. ◆ gold · ⬟ stone · ● berries · ✦ relic · ◌ wall gap
Your base
[BuluC]Not_the_Viper's base
ELEG l Rios's base
tander's base
XACDC_DotaX's base
SavarQueue's base
jusart92's base
Ingeniero de Asedio's base
Smoothed initial terrain · ◌ = detected wall gap · hover for details
Inputs per minute
— Pig-killing team member - - [BuluC]Not_the_Viper
Build order — Pig-killing team member
7 actions detected in the replay
| 0:01 | Create | Villager (Male) |
| 0:01 | Create | Villager (Male) |
| 0:02 | Create | Villager (Male) |
| 0:02 | Create | Villager (Male) |
| 0:55 | Research | Loom |
| 1:36 | Create | Villager (Male) |
| 1:36 | Create | Villager (Male) |
Build order — [BuluC]Not_the_Viper
0 actions detected in the replay
Build order — ELEG l Rios
8 actions detected in the replay
| 0:02 | Create | Villager (Male) |
| 0:02 | Create | Villager (Male) |
| 0:02 | Create | Villager (Male) |
| 0:03 | Build | House |
| 0:09 | Build | House |
| 0:15 | Create | Villager (Male) |
| 1:18 | Create | Villager (Male) |
| 1:27 | Build | Lumber Camp |
Build order — tander
0 actions detected in the replay
Build order — XACDC_DotaX
9 actions detected in the replay
| 0:03 | Build | House |
| 0:04 | Build | House |
| 0:05 | Create | Villager (Male) |
| 0:05 | Create | Villager (Male) |
| 0:05 | Create | Villager (Male) |
| 0:06 | Create | Villager (Male) |
| 0:06 | Create | Villager (Male) |
| 0:06 | Create | Villager (Male) |
| 1:32 | Create | Villager (Male) |
Build order — SavarQueue
7 actions detected in the replay
| 0:02 | Create | Villager (Male) |
| 0:02 | Create | Villager (Male) |
| 0:02 | Create | Villager (Male) |
| 0:03 | Build | House |
| 0:05 | Build | House |
| 0:09 | Create | Villager (Male) |
| 0:09 | Create | Villager (Male) |
Build order — jusart92
8 actions detected in the replay
| 0:00 | Create | Villager (Male) |
| 0:01 | Create | Villager (Male) |
| 0:03 | Build | House |
| 0:04 | Build | House |
| 0:55 | Create | Villager (Male) |
| 0:56 | Create | Villager (Male) |
| 0:56 | Create | Villager (Male) |
| 1:26 | Build | Settlement |
Build order — Ingeniero de Asedio
4 actions detected in the replay
| 0:01 | Create | Villager (Male) ×4 |
| 0:02 | Build | House |
| 0:03 | Build | House |
| 1:28 | Create | Villager (Male) |
Match timeline
| 0:05 | [BuluC]Not_the_Viper · resign |
[ AI ANALYSIS · 1 CREDIT ]
What really happened in this match?
Wolo.gg analyzes every decision: build order, eco, micro, common mistakes by bracket. Personalized analysis on WhatsApp or Discord in 30 seconds.
Civ guide
Huns
Map guide
Fortified Clearing
Perfil
Pig-killing team member